 Dungeon Crawl Stone Soup version 0.17.2-1-ge4368a0 (webtiles) character file.

152504 hexophile the Acrobat (level 17, -5/95 HPs)
             Began as a Spriggan Berserker on May 1, 2017.
             Was an Elder of Trog.
             Slain by a boulder beetle (19 damage)
             ... on level 1 of the Spider Nest.
             The game lasted 01:49:29 (33145 turns).

hexophile the Acrobat (Spriggan Berserker)         Turns: 33145, Time: 01:49:29

Health: -5/95      AC:  7    Str: 18    XL:     17   Next: 3%
Magic:  23/23      EV: 33    Int: 11    God:    Trog [****..]
Gold:   1614       SH:  0    Dex: 15    Spells: 0 memorised, 16 levels left

rFire  + . .     SeeInvis +     n - +7 lajatang (vamp)
rCold  + . .     Clarity  .     p - +2 robe {rF+} {rF+}
rNeg   . . .     SustAt   .     (shield currently unavailable)
rPois  +         Gourm    .     (helmet restricted)
rElec  .         Spirit   .     A - +2 cloak {rPois} {rPois}
rCorr  +         Warding  .     (gloves unavailable)
rMut   .         Stasis   .     (boots unavailable)
MR     ++++.                    f - amulet of resist corrosion {rCorr}
Stlth  ++++++....               T - +5 ring of slaying
                                x - ring of protection from cold {rC+}

@: lethally poisoned (-5 -> -5), regenerating, slowed, quick, incredibly
resistant to hostile enchantments, very stealthy
A: unfitting armour, see invisible, herbivore 3, speed 3, slow metabolism 2
a: Berserk, Trog's Hand, Brothers in Arms, Burn Spellbooks, Renounce Religion


You were on level 1 of the Spider Nest.
You worshipped Trog.
Trog was greatly pleased with you.
You were not hungry.

You visited 5 branches of the dungeon, and saw 30 of its levels.
You also visited: Sewer, Ice Cave and Volcano.

You collected 2850 gold pieces.
You spent 1236 gold pieces at shops.


Innate Abilities, Weirdness & Mutations

You are tiny and cannot use many weapons and most armour.
You have supernaturally acute eyesight.
You are a herbivore.
You cover ground extremely quickly.
You need consume almost no food.

Inventory:

Hand Weapons
 n - a +7 vampiric lajatang (weapon)
Missiles
 F - 2 throwing nets (quivered) {+f}
Armour
 p - a +2 robe of fire resistance (worn) {rF+}
 A - a +2 cloak of poison resistance (worn) {rPois}
Magical Staves
 y - an uncursed staff of air {unknown}
Jewellery
 f - an amulet of resist corrosion (around neck) {rCorr}
 t - an uncursed amulet of resist mutation {rMut}
 x - a ring of protection from cold (left hand) {rC+}
 C - an uncursed ring of poison resistance {rPois}
 E - an uncursed ring of sustain attributes
 G - a +3 ring of slaying
 T - a +5 ring of slaying (right hand)
Wands
 b - a wand of digging (0)
 j - a wand of cold (7)
 k - a wand of fire (2)
 q - a wand of magic darts (24)
 S - a wand of cold (6)
 U - a wand of fireball (5)
 Z - a wand of draining (2)
Scrolls
 g - 6 scrolls of enchant armour
 h - a scroll of identify
 u - 11 scrolls of remove curse
 w - 3 scrolls of fog
 z - 3 scrolls of silence
 B - 4 scrolls of recharging
 J - 2 scrolls of magic mapping
 L - 3 scrolls of teleportation
 M - 3 scrolls of noise
 O - a scroll of blinking
Potions
 a - 3 potions of heal wounds
 c - 6 potions of brilliance {Archmagi Int+5 Wiz++}
 d - 7 potions of curing
 e - a potion of magic
 i - 3 potions of agility {Stlth+ Dex+5 EV+5}
 l - 4 potions of flight
 m - 4 potions of might {Str+5 DMG+1d10}
 s - a potion of lignification {unknown}
 D - 3 potions of cancellation
 H - a potion of cure mutation {!q}
 I - 3 potions of berserk rage
 P - 2 potions of resistance {rF+ rC+ rPois rElec rCorr}
 Q - a potion of haste
 X - 3 potions of ambrosia
Books
 o - a Young Poisoner's Handbook

   Spells                             Type                      Level
   a - Sting                          Conjuration/Poison           1
   b - Cure Poison                    Poison                       2
   c - Mephitic Cloud                 Conjuration/Poison/Air       3
   d - Olgreb's Toxic Radiance        Poison                       4
   e - Venom Bolt                     Conjuration/Poison           5
   Trog disapproves of the use of such an item.
 N - an Akashic Record

   Spells                             Type                      Level
   a - Dispersal                      Translocation                6
   b - Malign Gateway                 Summoning/Translocation      7
   c - Disjunction                    Translocation                8
   d - Controlled Blink               Translocation                8
   Trog disapproves of the use of such an item.
 R - a book of Burglary

   Spells                             Type                      Level
   a - Swiftness                      Charms/Air                   2
   b - Passwall                       Transmutation/Earth          3
   c - Passage of Golubria            Translocation                4
   d - Lee's Rapid Deconstruction     Earth                        5
   e - Darkness                       Hexes                        6
   f - Invisibility                   Hexes                        6
   Trog disapproves of the use of such an item.
 Y - a book of Clouds

   Spells                             Type                      Level
   a - Mephitic Cloud                 Conjuration/Poison/Air       3
   b - Conjure Flame                  Conjuration/Fire             3
   c - Poisonous Cloud                Conjuration/Poison/Air       6
   d - Freezing Cloud                 Conjuration/Ice/Air          6
   e - Ring of Flames                 Charms/Fire                  7
   Trog disapproves of the use of such an item.
Comestibles
 r - 2 bread rations
 V - a slice of pizza
 W - 7 fruits


You had 16 spell levels left.
You didn't know any spells.


   Skills:
 + Level 13.5 Fighting
   Level 2.1(9.6) Polearms
 - Level 14.0 Staves
 * Level 4.8 Armour
 + Level 21.0 Dodging
 + Level 12.2 Stealth
 + Level 7.1 Evocations

Dungeon Overview and Level Annotations

Branches:
Dungeon (15/15)            Temple (0/1) D:6            Lair (8/8) D:11
 Shoals (0/4) Lair:5       Spider (1/4) Lair:3        Slime (0/6) Lair:8
    Orc (4/4) D:9             Elf (0/3) Orc:3        Vaults (0/5) D:13
 Depths (2/5) D:15

Altars:
Ashenzari
Dithmenos
Gozag
Makhleb
Ru
Sif Muna
Zin
Beogh

Shops:
D:5 (   D:13 :*   Orc:2 ?   Orc:3 *   Orc:4 [*(=[   Depths:1 =

Portals:
Hell: Depths:1

Annotations:
D:2 exclusion: downstairs
Lair:7 45 exclusions
Depths:2 Jorgrun, Norris

Vault maps used:
D:1:      roderic_crop_circles_arrival_small, kennysheep_decorative_pillar
D:2:      first_bread
D:3:      nicolae_ru_the_path_less_chosen, uniq_jessica, uniq_grinder,
          uniq_robin, uniq_iyjb
D:4:      zin_scriptorium
D:5:      serial_shops, nicolae_shop_crystal, portal_sewer_entry_d,
          minmay_misc_feat_doors
D:6:      minmay_temple_entry_trees, hangedman_decor_opposing, minivault_11,
          nicolae_dithmenos_the_darkroom, uniq_pikel
D:7:      kennysheep_orc_sif_temple, minmay_misc_feat_iff, uniq_prince_ribbit1
D:8:      uniq_joseph
D:9:      wad_crossroads, orc_0_dummy
D:10:     wad_pebble_path
D:11:     erik_lair_orcish_takeover, grunt_ogre_cave, hangedman_glass_teeth,
          spider_trap
D:12:     basic_altar, grunt_ministairs_4, minmay_misc_feat_columns
D:13:     david_vaults_5, serial_shops, nicolae_shop_crystal,
          nicolae_blasting_shop, uniq_frances, uniq_kirke
D:14:     tgw_sif
D:15:     hangedman_depths_entry_civil_slaughter, lemuel_crystal_altar,
          uniq_azrael
Lair:1:   lemuel_ratsnest
Lair:3:   spider_nest_entry_rubble, infiniplex_staircase_pool_2
Lair:5:   elwin_shoals_entry_rooms, lightli_volcano_entry_magma_tube,
          special_room, serial_bayou_shore_a
Lair:6:   grunt_megastairs_3
Lair:7:   minmay_lair_drake_nest, lemuel_fruit_tree
Lair:8:   evilmike_catoblepas_cave, minmay_slime_entry_jelly_boxes,
          portal_ice_cave_entry_ice_beasts
Spider:1: nicolae_spider_circle_web, hive_lemuel
Orc:1:    enter_bailey_2, basic_altar
Orc:2:    basic_altar, serial_shops, shop, bloody_makhleb, uniq_sonja
Orc:3:    serial_shops, nicolae_shop_stone, nicolae_orc_pool_cavern,
          uniq_nergalle, uniq_urug, uniq_rupert
Orc:4:    grunt_orc_cross, serial_shops, nicolae_shop_trees, uniq_josephine,
          uniq_maud, uniq_maurice
Depths:1: serial_shops, shop, abyss_entry_flame_altar, hell_entry,
          hangedman_stitches_earthworm
Depths:2: hangedman_crystal_crosses_colossus, hell_entry, uniq_asterion,
          uniq_jorgrun, uniq_norris
Sewer:    sewer_minmay_treatment
IceCv:    ice_cave_tombish
Volcano:  volcano_lake
You       could see a boulder beetle, a torpor snail, 2 wolf spiders, an orb
          spider and a friendly ogre (berserk).


Message History

You are lethally poisoned!
The wolf spider poisons you! The wolf spider completely misses you.
The wolf spider completely misses you. The wolf spider barely misses you.
The wolf spider completely misses you.
You lost 8 HP.
You have now: 16/95 HP.
Drink which item? (? for menu, Esc to quit)
You feel better. The wolf spider completely misses you.
The wolf spider closely misses you. x2
The wolf spider bites you but does no damage.
The wolf spider completely misses you. The wolf spider closely misses you.
The wolf spider closely misses you. The wolf spider completely misses you.
The boulder beetle closely misses you. The torpor snail misses you.
The wolf spider closely misses you. The wolf spider completely misses you.
Restored 10 HP.
You have now: 26/95 HP.
Evoke which item? (* to show all) (? for menu, Esc to quit)
Evoke which item? (* to show all) (? for menu, Esc to quit)
Okay, then.
Your skin crawls.
You feel resistant to hostile enchantments.
You feel slightly more hungry. The wolf spider completely misses you.
The wolf spider closely misses you. The wolf spider misses you.
The wolf spider completely misses you. The wolf spider closely misses you.
The wolf spider bites you!
* * * LOW HITPOINT WARNING * * *
You are poisoned.
The wolf spider poisons you!
The boulder beetle completely misses you.
The wolf spider hits you.
* * * LOW HITPOINT WARNING * * *
The wolf spider completely misses you. The torpor snail barely misses you.
You lost 10 HP.
You have now: 16/95 HP.
Read which item? (? for menu, Esc to quit)
Okay, then.
Unknown command.
You feel sick.
You lost 1 HP.
You have now: 15/95 HP.
Your ogre goes berserk!
You feel somewhat more hungry.
You feel sick. The wolf spider misses you.
The wolf spider completely misses you. The wolf spider barely misses you.
The wolf spider closely misses you. The wolf spider misses you.
The wolf spider completely misses you. The wolf spider closely misses you.
The wolf spider bites you but does no damage.
The wolf spider completely misses you. The wolf spider barely misses you.
Unknown command.
You feel sick.
The orb spider pulsates with a strange energy.
The wolf spider misses you. The wolf spider completely misses you.
The wolf spider completely misses you. x2
The boulder beetle bites you!!
You die...

Action                   |  1- 3 |  4- 6 |  7- 9 | 10-12 | 13-15 | 16-18 || total
-------------------------+-------+-------+-------+-------+-------+-------++-------
Melee: Spear             |   162 |       |       |       |       |       ||   162
       Dagger            |     1 |   277 |   152 |       |       |       ||   430
       Quarterstaff      |       |       |   290 |   875 |    99 |       ||  1264
       Lajatang          |       |       |       |    39 |  1009 |   635 ||  1683
 Fire: Blowgun           |       |       |    26 |       |       |       ||    26
Throw: Tomahawk          |       |     2 |     6 |       |     8 |       ||    16
       Throwing net      |       |       |       |     4 |     1 |       ||     5
Invok: Trog's Hand       |     1 |     4 |     4 |     5 |    11 |     5 ||    30
       Berserk           |       |     3 |     1 |     1 |       |       ||     5
       Brothers in Arms  |       |       |     2 |     4 |    15 |     8 ||    29
       Burn Spellbooks   |       |       |     1 |     1 |     1 |       ||     3
 Abil: Evoke Blink       |       |       |       |     7 |       |       ||     7
Evoke: Wand              |       |       |     7 |    16 |    15 |     1 ||    39
  Use: Scroll            |     1 |     9 |    10 |    15 |    19 |     3 ||    57
       Potion            |       |     7 |     1 |     8 |    11 |     1 ||    28
 Stab: Sleeping          |     1 |     4 |    17 |    32 |    35 |    14 ||   103
       Distracted        |     1 |       |     6 |     5 |     7 |     6 ||    25
       Held in net/web   |       |       |       |     1 |       |       ||     1
       Petrifying        |       |       |       |       |     1 |       ||     1
  Eat: Bread ration      |       |     1 |     1 |     1 |     3 |     1 ||     7
       Fruit             |       |       |     1 |     3 |     6 |     1 ||    11
       Pizza             |       |       |       |     6 |       |       ||     6
       Royal jelly       |       |       |       |       |       |     1 ||     1

Notes
Turn   | Place    | Note
--------------------------------------------------------------
     0 | D:1      | hexophile the Spriggan Berserker began the quest for the Orb.
     0 | D:1      | Reached XP level 1. HP: 11/11 MP: 2/2
   357 | D:1      | Reached XP level 2. HP: 16/16 MP: 3/3
   670 | D:1      | Reached skill level 3 in Fighting
   871 | D:2      | Reached skill level 5 in Dodging
   904 | D:2      | Reached ** piety under Trog
  1014 | D:2      | Reached XP level 3. HP: 10/20 MP: 4/4
  1793 | D:2      | Reached XP level 4. HP: 24/24 MP: 5/5
  2059 | D:2      | Reached skill level 6 in Dodging
  2194 | D:3      | Noticed Robin
  2199 | D:3      | Noticed Grinder
  2199 | D:3      | Noticed Ijyb
  2271 | D:2      | Reached skill level 1 in Stealth
  2302 | D:2      | Killed Ijyb
  2302 | D:2      | Reached XP level 5. HP: 28/28 MP: 6/6
  2474 | D:3      | Reached *** piety under Trog
  2475 | D:3      | Reached skill level 2 in Stealth
  2732 | D:3      | Noticed Jessica
  2738 | D:3      | Killed Jessica
  2785 | D:4      | Reached skill level 3 in Stealth
  2816 | D:4      | Reached skill level 4 in Fighting
  3155 | D:4      | Noticed a phantom
  3163 | D:4      | Found a glowing silver altar of Zin.
  3216 | D:5      | Entered Level 5 of the Dungeon
  3292 | D:5      | Found a glowing drain.
  3309 | Sewer    | Entered a sewer
  3359 | Sewer    | Reached skill level 7 in Dodging
  3369 | Sewer    | Reached XP level 6. HP: 33/33 MP: 7/7
  3390 | Sewer    | Reached skill level 4 in Stealth
  3571 | Sewer    | Reached **** piety under Trog
  4379 | D:5      | Reached skill level 8 in Dodging
  4379 | D:5      | Reached skill level 5 in Stealth
  4379 | D:5      | Reached XP level 7. HP: 30/38 MP: 8/8
  4559 | D:6      | Found a staircase to the Ecumenical Temple.
  4610 | D:6      | Found a shadowy altar of Dithmenos.
  4754 | D:6      | Noticed Pikel
  5129 | D:7      | Reached skill level 5 in Fighting
  5161 | D:7      | Reached skill level 6 in Stealth
  5408 | D:7      | Reached skill level 9 in Dodging
  5435 | D:7      | Reached skill level 7 in Stealth
  5440 | D:7      | Noticed Prince Ribbit
  5440 | D:7      | Reached XP level 8. HP: 34/43 MP: 9/9
  5481 | D:8      | Killed Prince Ribbit
  5512 | D:8      | Noticed a two-headed ogre
  5532 | D:8      | Noticed Joseph
  5587 | D:8      | Reached skill level 8 in Stealth
  5633 | D:8      | Reached skill level 10 in Dodging
  5661 | D:8      | Reached skill level 6 in Fighting
  5670 | D:8      | Killed Joseph
  5670 | D:8      | Reached skill level 9 in Stealth
  5768 | D:8      | Reached skill level 1 in Staves
  6108 | D:8      | Reached skill level 2 in Staves
  6108 | D:8      | Reached XP level 9. HP: 39/48 MP: 10/10
  6309 | D:8      | Reached skill level 3 in Staves
  6347 | D:8      | Killed a two-headed ogre
  6544 | D:8      | Reached skill level 4 in Staves
  7065 | D:7      | Reached skill level 5 in Staves
  7202 | D:7      | Found a deep blue altar of Sif Muna.
  7964 | D:5      | Found Tarix's Antique Weapon Shoppe.
  7972 | D:5      | Bought a slimy quarterstaff for 234 gold pieces
  7972 | D:5      | Identified the +4 quarterstaff "Hianauc" {flame, +Blink rElec Int+3} (You bought it in a shop on level 5 of the Dungeon)
  8045 | D:5      | Reached skill level 6 in Staves
  8045 | D:5      | Reached skill level 1 in Evocations
  8086 | D:5      | HP: 1/46 [orc priest/divine providence (17)]
  8296 | D:3      | Paralysed by Grinder for 7 turns
  8304 | D:3      | Killed Grinder
  8304 | D:3      | Reached skill level 2 in Evocations
  8356 | D:3      | Killed Robin
  8549 | D:3      | Found a sacrificial altar of Ru.
  8760 | D:6      | Killed Pikel
  8760 | D:6      | Reached skill level 3 in Evocations
  8760 | D:6      | Reached XP level 10. HP: 53/53 MP: 11/13
  8952 | D:9      | Reached skill level 4 in Evocations
  9026 | D:9      | Reached skill level 7 in Staves
  9026 | D:9      | Reached skill level 5 in Evocations
  9157 | D:9      | Reached skill level 6 in Evocations
  9197 | D:9      | Found a staircase to the Orcish Mines.
  9250 | D:9      | Reached ***** piety under Trog
  9334 | D:9      | Reached skill level 7 in Evocations
  9357 | D:9      | HP: 1/53 [yak (14)]
  9368 | D:9      | Reached skill level 11 in Dodging
 10049 | D:10     | Entered Level 10 of the Dungeon
 10169 | D:10     | Reached XP level 11. HP: 35/58 MP: 17/17
 10265 | D:10     | Noticed a hill giant
 10613 | D:10     | Got an encrusted rapier
 10614 | D:10     | Identified the +4 rapier "Roitiziapn" {freeze, MR+ Dex+5} (You found it on level 10 of the Dungeon)
 10706 | D:10     | Reached skill level 8 in Staves
 10882 | Orc:1    | Entered Level 1 of the Orcish Mines
 11077 | Orc:2    | Found a burning altar of Makhleb.
 11084 | Orc:2    | Found a roughly hewn altar of Beogh.
 11087 | Orc:2    | Noticed Sonja
 11114 | Orc:2    | You fall through a shaft for 2 floors!
 11114 | Orc:4    | Entered Level 4 of the Orcish Mines
 11114 | Orc:4    | Noticed Maud
 11128 | Orc:4    | Noticed Josephine
 11150 | Orc:4    | Found Uvvegh's Armour Shoppe.
 11159 | Orc:3    | Found a staircase to the Elven Halls.
 11419 | D:11     | Noticed a hill giant
 11465 | D:11     | Received a gift from Trog
 11467 | D:11     | Reached skill level 7 in Fighting
 11490 | D:11     | Reached skill level 12 in Dodging
 12366 | D:11     | Found a staircase to the Lair.
 12654 | D:11     | Reached skill level 13 in Dodging
 12819 | Lair:1   | Entered Level 1 of the Lair of Beasts
 13004 | Lair:1   | Reached skill level 8 in Fighting
 13065 | Lair:1   | Received a gift from Trog
 13413 | Lair:1   | Reached skill level 9 in Staves
 14068 | Lair:2   | Reached XP level 12. HP: 57/65 MP: 18/18
 14163 | Lair:2   | Reached skill level 14 in Dodging
 14577 | Lair:3   | Found a hole to the Spider Nest.
 14873 | Lair:3   | Reached skill level 9 in Fighting
 15729 | Lair:4   | Reached ****** piety under Trog
 15732 | Lair:4   | Reached skill level 15 in Dodging
 17027 | Lair:5   | Found a dark tunnel.
 17036 | Volcano  | Entered a volcano
 17174 | Volcano  | Found a burning altar of Makhleb.
 17207 | Volcano  | Reached skill level 10 in Staves
 17576 | Lair:5   | Received a gift from Trog
 17741 | Lair:5   | Found a staircase to the Shoals.
 17769 | Lair:5   | Reached XP level 13. HP: 72/72 MP: 19/19
 17899 | Lair:5   | Reached skill level 16 in Dodging
 18058 | Lair:5   | Noticed a catoblepas
 18074 | Lair:5   | Killed a catoblepas
 18074 | Lair:5   | Reached skill level 10 in Fighting
 19306 | Lair:7   | Received a gift from Trog
 19574 | Lair:7   | Noticed Alipheese's ghost (journeyman NaGl)
 19759 | Lair:7   | Killed Alipheese's ghost
 19830 | Lair:7   | Reached skill level 17 in Dodging
 20316 | Lair:8   | Entered Level 8 of the Lair of Beasts
 20323 | Lair:8   | Found a frozen archway.
 20374 | Lair:8   | Received a gift from Trog
 20443 | IceCv    | Entered an ice cave
 21126 | IceCv    | HP: 2/73 [ice statue] (20)]
 21131 | IceCv    | HP: 2/73 [ice statue] (12)]
 21824 | Lair:8   | Reached skill level 11 in Staves
 21863 | Lair:8   | Found a staircase to the Slime Pits.
 22464 | Lair:7   | Reached skill level 11 in Fighting
 22544 | Lair:7   | Reached skill level 18 in Dodging
 22544 | Lair:7   | Reached XP level 14. HP: 29/79 MP: 20/20
 22838 | Lair:8   | Reached XP level 15. HP: 48/83 MP: 21/21
 23911 | Lair:8   | Reached skill level 12 in Fighting
 23911 | Lair:8   | Reached skill level 19 in Dodging
 23946 | Lair:8   | Reached skill level 12 in Staves
 24063 | Lair:8   | --WOW
 24063 | Lair:8   | --praise trog
 24558 | Orc:2    | Killed Sonja
 24740 | Orc:2    | Received a gift from Trog
 24759 | Orc:2    | Found Efuptie's Magic Scroll Boutique.
 24774 | Orc:2    | Bought a scroll of acquirement for 728 gold pieces
 24831 | Orc:2    | --NICE
 25096 | Orc:4    | Found a roughly hewn altar of Beogh.
 25096 | Orc:4    | Found Atetooczi's General Store.
 25096 | Orc:4    | Noticed an orc high priest
 25096 | Orc:4    | Noticed Saint Roka
 25137 | Orc:3    | Found Jehia's Assorted Antiques.
 25206 | Orc:3    | Noticed Rupert
 25257 | Orc:3    | Killed Rupert
 25631 | Orc:3    | Noticed Urug
 25641 | Orc:3    | Killed Urug
 25762 | Orc:4    | Noticed Maurice
 25773 | Orc:4    | Killed Maurice
 26215 | Orc:4    | Killed Saint Roka
 26414 | Orc:4    | Killed an orc high priest
 26472 | Orc:4    | Found Viomaev's Antique Weapon Shop.
 26490 | Orc:4    | Received a gift from Trog
 26531 | Orc:4    | Killed Josephine
 26553 | Orc:4    | Killed Maud
 26942 | Orc:4    | Found Rythrut's Antique Armour Shop.
 26957 | Orc:4    | Found Mevoeci's Jewellery Shop.
 26989 | Orc:4    | Bought a scroll of silence for 82 gold pieces
 26989 | Orc:4    | Bought a scroll of recharging for 104 gold pieces
 26989 | Orc:4    | Bought a potion of heal wounds for 55 gold pieces
 26989 | Orc:4    | Bought a potion of curing for 33 gold pieces
 27250 | D:11     | Killed a hill giant
 27380 | D:12     | Killed a hill giant
 27605 | D:12     | Reached skill level 13 in Staves
 27605 | D:12     | Reached skill level 20 in Dodging
 27731 | D:12     | Reached skill level 1 in Armour
 27733 | D:12     | Found an opulent altar of Gozag.
 27902 | D:12     | Reached XP level 16. HP: 90/90 MP: 22/22
 28293 | D:13     | Found Nurph's Demolitions Depot.
 28386 | D:13     | Reached skill level 2 in Armour
 28464 | D:13     | Found a gate to the Vaults.
 28574 | D:13     | Noticed Kirke
 28613 | D:13     | Killed Kirke
 29178 | D:13     | Found Moeroweme's Book Boutique.
 29243 | D:13     | Noticed Frances
 29265 | D:13     | Killed Frances
 29587 | D:14     | Reached skill level 13 in Fighting
 29714 | D:14     | Reached skill level 3 in Armour
 29790 | D:14     | Found a deep blue altar of Sif Muna.
 29926 | D:14     | Reached skill level 10 in Stealth
 30033 | D:14     | Received a gift from Trog
 30162 | D:15     | Entered Level 15 of the Dungeon
 30195 | D:15     | Found a shattered altar of Ashenzari.
 30547 | D:15     | Noticed Azrael
 30570 | D:15     | Killed Azrael
 30631 | D:15     | Found a staircase to the Depths.
 30698 | D:15     | Reached skill level 4 in Armour
 30748 | D:15     | Reached skill level 11 in Stealth
 31137 | Depths:1 | Entered Level 1 of the Depths
 31194 | Depths:1 | Found Dilanuepn's Jewellery Shoppe.
 31206 | Depths:1 | Received a gift from Trog
 31977 | Depths:2 | Noticed Norris
 32014 | Depths:2 | Reached skill level 12 in Stealth
 32107 | Depths:2 | Noticed Jorgrun
 32263 | Depths:1 | Found a gateway to Hell.
 32283 | Depths:1 | Reached skill level 14 in Staves
 32351 | Depths:1 | Reached skill level 21 in Dodging
 32351 | Depths:1 | Reached XP level 17. HP: 95/95 MP: 23/23
 33121 | Spider:1 | Entered Level 1 of the Spider Nest
 33145 | Spider:1 | Slain by a boulder beetle

Table legend:
 A = Turns spent in this place as a percentage of turns spent in the entire game.
 B = Non-inter-level travel turns spent in this place as a percentage of non-inter-level travel turns spent in the entire game.
 C = Inter-level travel turns spent in this place as a percentage of turns spent in this place.
 D = Turns resting spent in this place as a percentage of non-inter-level travel turns spent in this place.
 E = Turns spent auto-exploring this place as a percentage of non-inter-level travel turns spent in this place.
 F = Non-inter-level travel turns spent in this place divided by the number of levels of this place that you've seen.
                   A       B       C       D       E      F
               +-------+-------+-------+-------+-------+----------------------
         Total | 100.0 | 100.0 |   0.4 |   1.5 |   3.8 | 467.6
       Dungeon |  47.4 |  47.4 |   0.5 |   1.2 |   4.9 | 487.5
          Lair |  30.2 |  30.2 |   0.4 |   1.2 |   3.2 | 583.2
   Spider Nest |   0.3 |   0.3 |   0.0 |   2.4 |   0.0 |  42.0
  Orcish Mines |   9.7 |   9.7 |   0.5 |   1.9 |   2.6 | 372.2
        Depths |   3.8 |   3.8 |   0.5 |   2.4 |   5.1 | 293.0
         Sewer |   3.0 |   3.0 |   0.0 |   1.7 |   0.9 | 467.0
      Ice Cave |   3.8 |   3.8 |   0.0 |   3.4 |   0.2 | 583.0
       Volcano |   1.8 |   1.8 |   0.0 |   2.8 |   0.0 | 284.0
               +-------+-------+-------+-------+-------+----------------------

Table legend:
 A = Kills in this place as a percentage of kills in entire the game.
 B = Kills by you in this place as a percentage of kills by you in the entire game.
 C = Kills by friends in this place as a percentage of kills by friends in the entire game.
 D = Other kills in this place as a percentage of other kills in the entire game.
 E = Experience gained in this place as a percentage of experience gained in the entire game.
 F = Experience gained in this place divided by the number of levels of this place that you have seen.
                   A       B       C       D       E      F
               +-------+-------+-------+-------+-------+----------------------
         Total | 100.0 | 100.0 | 100.0 | 100.0 | 100.0 | 5459.0
       Dungeon |  45.5 |  45.5 |  46.8 |  33.3 |  39.1 | 4695.1
          Lair |  27.8 |  28.6 |  12.8 |   0.0 |  35.6 | 8022.0
   Spider Nest |   0.3 |   0.3 |   0.0 |   0.0 |   0.4 | 638.0
  Orcish Mines |  16.1 |  16.0 |  19.1 |   0.0 |  12.4 | 5582.8
        Depths |   3.3 |   2.9 |   6.4 |  66.7 |   9.6 | 8643.0
         Sewer |   4.5 |   4.7 |   0.0 |   0.0 |   0.2 | 346.0
      Ice Cave |   1.8 |   1.8 |   2.1 |   0.0 |   1.9 | 3339.0
       Volcano |   0.7 |   0.2 |  12.8 |   0.0 |   0.9 | 1604.0
               +-------+-------+-------+-------+-------+----------------------

Vanquished Creatures
  Saint Roka (Orc:4)
  Rupert (Orc:3)
  Kirke (D:13)
  Maud (Orc:4)
  A stone giant (Depths:1)
  An ettin (Depths:1)
  A fire dragon (Depths:1)
  An entropy weaver (shapeshifter) (Depths:2)
  A vault guard (D:13)
  Josephine (Orc:4)
  4 hydras
  A yaktaur captain (D:13)
  2 great orbs of eyes (Depths:1)
  An entropy weaver (Depths:1)
  4 catoblepae
  A ghost crab (shapeshifter) (D:15)
  3 centaur warriors
  2 tengu warriors
  4 ogre magi (D:15)
  17 death yaks
  Urug (Orc:3)
  An orc high priest (Orc:4)
  Sonja (Orc:2)
  A fire crab (Lair:6)
  2 hell knights
  2 wizards
  Pikel (D:6)
  3 orc knights (Orc:4)
  13 ugly things
  8 hill giants
  A necromancer (IceCv)
  A deep elf conjurer (D:13)
  2 hornets (shapeshifter)
  2 cyclopes
  2 orc sorcerers (Orc:4)
  3 griffons
  4 manticores
  12 elephants
  Maurice (Orc:4)
  A centaur zombie (D:14)
  5 black mambas
  2 ice statues (IceCv)
  A torpor snail (Lair:8)
  A gargoyle (D:11)
  A molten gargoyle (Volcano)
  4 spiny frogs
  4 kobold demonologists
  9 fire drakes
  6 yaktaurs (Depths:1)
  5 komodo dragons
  9 trolls
  A two-headed ogre (shapeshifter) (D:14)
  5 blue devils (IceCv)
  Grinder (D:3)
  6 two-headed ogres
  Prince Ribbit (D:8)
  5 boulder beetles
  9 slime creatures
  16 blink frogs
  4 wraiths
  4 redbacks
  A tarantella (Lair:3)
  A water elemental (D:12)
  60 yaks
  4 shadows
  7 wyverns
  2 fire elementals (D:15)
  4 basilisks
  A deep elf mage (D:9)
  8 vampire mosquitoes
  A hungry ghost (D:11)
  4 hogs (D:13)
  14 hippogriffs
  A hippogriff (shapeshifter) (D:14)
  6 wolves (Lair:3)
  A mottled dragon (D:13)
  4 wargs
  13 water moccasins
  4 hell hounds
  15 porcupines
  A soldier ant (D:12)
  10 ice beasts
  3 spiders (D:11)
  4 sky beasts
  28 orc warriors
  21 ogres
  17 crocodiles
  3 necrophages
  9 centaurs
  4 brain worms (Depths:1)
  16 giant frogs
  5 big kobolds
  A water moccasin zombie (D:6)
  A wyvern skeleton (D:12)
  A scorpion (D:10)
  A wyvern zombie (D:12)
  21 wights
  2 giant frog zombies
  4 crimson imps
  A quasit (D:7)
  32 orc wizards
  4 centaur skeletons
  Ijyb (D:2)
  18 jellies
  27 orc priests
  Jessica (D:3)
  11 hell rats (Lair:1)
  6 hounds
  3 giant frog skeletons
  4 iguanas
  11 worker ants
  A sheep (Lair:8)
  A troll simulacrum (IceCv)
  A killer bee zombie (D:7)
  A centaur simulacrum (IceCv)
  A hound zombie (D:5)
  Robin (D:3)
  17 adders
  4 gnolls (Orc:2)
  61 river rats
  3 naga simulacra (IceCv)
  5 ogre simulacra (IceCv)
  3 shadow imps
  5 oozes
  An adder zombie (D:6)
  An adder skeleton (D:10)
  4 worms
  8 giant geckos
  130 orcs
  4 ball pythons
  3 giant cockroaches
  16 goblins
  11 hobgoblins
  7 jackals
  4 quokkas
  10 bats
  2 giant gecko zombies (D:9)
  4 giant newts
  A jackal zombie (D:6)
  35 kobolds
  A quokka skeleton (D:6)
  44 rats
  A fungus (Lair:5)
  4 plants (Lair:7)
1027 creatures vanquished.

Vanquished Creatures (collateral kills)
  Frances (D:13)
  The ghost of Alipheese the Stickfighter, a journeyman NaGl of Ashenzari (Lair:7)
  Azrael (D:15)
  A fire dragon (Depths:1)
  A hydra (Lair:6)
  A centaur warrior (D:14)
  A hell knight (Volcano)
  A hill giant (D:13)
  An orc knight (Orc:1)
  A manticore (D:14)
  Joseph (D:8)
  A spiny frog (Lair:2)
  An ice statue (IceCv)
  A molten gargoyle (Volcano)
  A gargoyle (D:14)
  2 red devils (Volcano)
  2 slime creatures (Depths:1)
  3 yaks
  A warg (Orc:1)
  A water moccasin (Lair:7)
  A soldier ant (D:13)
  3 orc warriors
  A hell hound (Volcano)
  5 spiders (D:11)
  A crimson imp (Volcano)
  A jelly (D:14)
  An adder (D:8)
  A hound zombie (D:11)
  8 orcs
  A quokka skeleton (D:8)
47 creatures vanquished.

Vanquished Creatures (others)
  A human (D:13)
  An orc priest (D:6)
  A centaur skeleton (D:8)
  3 orcs
  A goblin (D:3)
  A kobold (D:14)
  10 fungi
  15 plants
33 creatures vanquished.

Grand Total: 1107 creatures vanquished
